 Dungeon Crawl Stone Soup version 0.26-a0-1013-gf6ffb0d6bd (webtiles) character file.

Game seed: 2080349907285824027

72 runemasterragnar the Conjurer (level 4, 0/35 HPs)
             Began as a Draconian Conjurer on Dec 8, 2020.
             Slain by an ogre
             ... wielding a +0 giant club
              (19 damage)
             ... on level 2 of the Dungeon.
             The game lasted 00:04:18 (2481 turns).

runemasterragnar the Conjurer (Draconian Conjurer)  Turns: 2481, Time: 00:04:19

Health: 0/35       AC:  5    Str: 10    XL:     4   Next: 6%
Magic:  5/7        EV: 12    Int: 19    God:
Gold:   78         SH:  0    Dex:  9    Spells: 3/7 levels left

rFire    + . .     SeeInvis .   a - +0 falchion
rCold    x . .     Faith    .   (no shield)
rNeg     . . .     Spirit   .   (armour unavailable)
rPois    .         Reflect  .   (helmet restricted)
rElec    .         Harm     .   (no cloak)
rCorr    .         Rampage  .   (no gloves)
Will     .....                  (no boots)
Stlth    ++........             (no amulet)
HPRegen  0.11/turn              c - ring of fire
MPRegen  0.10/turn              (no ring)

@: no status effects
A: unfitting armour, cold-blooded, AC +5
a: no special abilities


You were on level 2 of the Dungeon.
You visited 1 branch of the dungeon, and saw 2 of its levels.

You collected 78 gold pieces.

Inventory:

Hand Weapons
 a - a +0 falchion (weapon)
 d - a +1 dagger of flaming
 k - a +3 dagger
Missiles
 h - 4 javelins (quivered)
Jewellery
 c - a ring of fire (left hand)
Scrolls
 f - a scroll of enchant weapon {unknown}
 g - a scroll of noise {unknown}
 i - a scroll of remove curse {unknown}
 j - a scroll of blinking {unknown}
 m - a scroll of amnesia {unknown}
Potions
 b - a potion of flight {unknown}
 e - 2 potions of might {unknown}
 l - a potion of curing {unknown}


   Skills:
 + Level 1.3 Fighting
 + Level 2.2 Dodging
 + Level 2.3 Stealth
 + Level 2.3 Spellcasting
 * Level 4.5 Conjurations
 * Level 0.3 Hexes


You had 3 spell levels left.
You knew the following spells:

 Your Spells              Type           Power        Failure   Level
a - Magic Dart            Conj           ###.         2%          1
b - Dazzling Flash        Conj/Hex       ##....       19%         3

Your spell library contained the following spells:

 Spells                   Type           Power        Failure   Level
 Searing Ray              Conj           ###...       3%          2
 Confusing Touch          Hex            #.......     38%         3
 Gell's Gravitas          Tloc           #.........   43%         3
 Fulminant Prism          Conj/Hex       ##........   52%         4
 Iskenderun's Mystic Bla  Conj/Tloc      ##......     54%         4
 Petrify                  Tmut/Erth      #.......     85%         4
 Metabolic Englaciation   Hex/Ice        #.........   99%         5
 Yara's Violent Unravell  Hex/Tmut       #.........   99%         5


Dungeon Overview and Level Annotations

Branches:
Dungeon (2/15)

Altars:
Cheibriados
Dithmenos
Hepliaklqana
Okawaru
Trog


Innate Abilities, Weirdness & Mutations

Your plain brown scales are hard. (AC +5)
You cannot fit into any form of body armour.
You are cold-blooded and may be slowed by cold attacks.


Message History

The ogre hits you with a +0 giant club!
Casting: Magic Dart (safe; 2% risk of failure)
Confirm with . or Enter, or press ? or * to list all spells.
Aiming: Magic Dart (safe; 2% risk of failure)
Press: ? - help, Shift-Dir - straight line, f/p - ogre
Aim: an ogre, wielding a +0 giant club (severely wounded, 0% to evade)
The magic dart hits the ogre but does no damage.
The ogre is severely wounded.
The ogre barely misses you.
You riposte.
You barely miss the ogre.
The ogre is severely wounded.
Casting: Magic Dart (safe; 2% risk of failure)
Confirm with . or Enter, or press ? or * to list all spells.
Aiming: Magic Dart (safe; 2% risk of failure)
Press: ? - help, Shift-Dir - straight line, f/p - ogre
Aim: an ogre, wielding a +0 giant club (severely wounded, 0% to evade)
The magic dart hits the ogre.
The ogre is almost dead.
The ogre hits you with a +0 giant club!!
Ouch! That really hurt!
You die...

###.(.#.# .#
##...###.###(....#.#
...### ....(......
.### ##.!......# ##
##._..._..# #
#(........# #
#._..⌠)._.# #
#.......O.# #
#......@.# #
#..._....# #
###..!##.# #
######.#
################..#
.................##
##################


You could see an ogre.

Vanquished Creatures
  2 adders (D:2)
  A worm (D:2)
  A leopard gecko (D:2)
  3 bats (D:1)
  6 giant cockroaches (D:1)
  7 goblins
  4 hobgoblins
  8 jackals
  2 frilled lizards
  7 kobolds
  2 rats (D:1)
43 creatures vanquished.

Notes
Turn   | Place    | Note
-------+----------+-------------------------------------------
     0 | D:1      | runemasterragnar the Draconian Conjurer began the quest for
                  | the Orb.
     0 | D:1      | Reached XP level 1. HP: 14/14 MP: 3/3
     2 | D:1      | You fall into a shaft and drop 1 floor!
   405 | D:1      | Reached XP level 2. HP: 9/22 MP: 1/5
  1476 | D:1      | Reached skill level 1 in Fighting
  1476 | D:1      | Reached XP level 3. HP: 28/28 MP: 3/6
  1984 | D:2      | Learned a level 3 spell: Dazzling Flash
  2351 | D:2      | Found an iron altar of Okawaru.
  2427 | D:2      | Found a hazy altar of Hepliaklqana.
  2427 | D:2      | Found a snail-covered altar of Cheibriados.
  2428 | D:2      | Found a bloodstained altar of Trog.
  2428 | D:2      | Found a shadowy altar of Dithmenos.
  2432 | D:2      | Reached XP level 4. HP: 35/35 MP: 3/7
  2434 | D:2      | Noticed an ogre
  2481 | D:2      | Slain by an ogre

Illustrated notes

Levels and vault maps discovered:
D:1:      dpeg_arrival_prison, layout_loops_cross, minmay_door_square,
          minmay_box_of_dots
D:2:      layout_basic, lemuel_doored_altar, grunt_temple_overflow_open,
          led_sif_pool

Skill      XL: |  1  2 |
---------------+-------+-----
Stealth        | 2 |  2.3
Dodging        | 2 |  2.2
Fighting       | 1 |  1.3
Spellcasting   | |  2.3
Conjurations   | |  4.5
Hexes          | |  0.3

Action                   |  1- 3 |  4- 6 || total
-------------------------+-------+-------++-------
Melee: Falchion          |    97 |     3 ||   100
       Tailslap          |     9 |     1 ||    10
       Unarmed           |     3 |       ||     3
Throw: Javelin           |       |     3 ||     3
 Cast: Magic Dart        |    58 |     3 ||    61
 Stab: Sleeping          |     1 |       ||     1
Armor: Skin              |    52 |       ||    52
Dodge: Dodged            |    86 |     3 ||    89
       Rpst.: Falchion   |    28 |     1 ||    29

Table legend: (Time is in decaauts)
 A = Elapsed time spent in this place.
 B = Non-inter-level travel time spent in this place.
 C = Inter-level travel time spent in this place.
 D = Time resting spent in this place.
 E = Time spent auto-exploring this place.
 F = Levels seen in this place.
 G = Mean time per level.
                   A        B        C        D        E       F      G
               +--------+--------+--------+--------+--------+-----+--------+
         Total |   2513 |   2496 |     17 |    422 |   1676 |   2 | 1256.5 |
       Dungeon |   2513 |   2496 |     17 |    422 |   1676 |   2 | 1256.5 |
               +--------+--------+--------+--------+--------+-----+--------+

Top non-repeatable levels by time:
     D:1: 1641 daAuts
     D:2: 871 daAuts
